 Dungeon Crawl Stone Soup version 0.19-a0-1041-g82b1012 (webtiles) character file.

103 matakusis the Ducker (level 4, -5/34 HPs)
             Began as a Demonspawn Gladiator on July 30, 2016.
             Killed from afar by a dart slug (6 damage)
             ... with a slug dart
             ... on level 3 of the Dungeon.
             The game lasted 00:07:32 (2261 turns).

matakusis the Ducker (Demonspawn Gladiator)         Turns: 2261, Time: 00:07:34

Health: -5/34      AC:  3    Str: 15    XL:     4   Next: 51%
Magic:  13/13      EV: 13    Int:  9    God:
Gold:   106        SH:  0    Dex: 15    Spells: 0 memorised, 3 levels left

rFire  + . .     SeeInvis .     a - +0 long sword
rCold  . . .     Gourm    .     b - +0 leather armour
rNeg   . . .     Faith    .     (no shield)
rPois  .         Spirit   .     (helmet restricted)
rElec  .         Dismiss  .     (no cloak)
rCorr  .         Reflect  .     (no gloves)
SustAt .         Harm     .     (no boots)
MR     .....                    (no amulet)
Stlth  +.........               (no ring)
                                i - ring of magical power

@: confused, not resistant to hostile enchantments, very unstealthy
A: antennae 2, fire resistance 1
a: no special abilities


You were on level 3 of the Dungeon.
You were hungry.

You visited 1 branch of the dungeon, and saw 3 of its levels.

You collected 106 gold pieces.

Inventory:

Hand Weapons
 a - a +0 long sword (weapon)
Missiles
 d - 2 throwing nets (quivered)
Armour
 b - a +0 leather armour (worn)
Jewellery
 i - a ring of magical power (left hand)
Scrolls
 n - a scroll of immolation {unknown}
Potions
 c - a potion of resistance
 e - 2 potions of curing
 h - 2 potions of brilliance
 j - a potion of agility {unknown}
 k - a potion of might
 m - a potion of flight {unknown}
 q - a potion of magic {unknown}
Comestibles
 f - 2 bread rations
 g - a meat ration
 l - a slice of pizza
 o - 2 beef jerkies
 p - a chunk of flesh


   Skills:
 * Level 2.8 Fighting
 + Level 3.3 Long Blades
 - Level 1.7 Throwing
 + Level 1.0 Armour
 * Level 3.6 Dodging


You had 3 spell levels left.
You didn't know any spells.

Dungeon Overview and Level Annotations

Branches:
Dungeon (3/15)

Altars:
Dithmenos

Annotations:
D:3 Sigmund


Innate Abilities, Weirdness & Mutations

You have a pair of antennae on your head.
Your flesh is heat resistant. (rF+)


Message History

Something tries to affect you, but you resist.
The kobold closely misses you.
You riposte.
You barely miss the kobold.
The kobold is severely wounded.
You miss something. Something hits you! The kobold hits you but does no damage.
Unknown command.
You barely miss something. The kobold barely misses you.
You riposte.
You miss the kobold.
The kobold is severely wounded.
Something barely misses you. The kobold closely misses you.
You riposte.
You hit the kobold.
You kill the kobold!
You barely miss something.
You hear some strange, mumbled words.
You are confused.
A dart slug comes into view.
Something hits you!
* * * LOW HITPOINT WARNING * * *
The dart slug launches a dart at you. The slug dart hits you!
You die...

###.##..###### w......
#............. .......
#.#.##........ .......
#.#..#........ .......
#.##.#........ .......
#.##.#........
.......####.##..#'######
.......{....###.#.##
#.....@...........#
#.........(###....#
#..........# ##...#
#######+##.# #...# #.#
#...# #.# ##>.# .# #..#
#..#


You could see a dart slug.

Vanquished Creatures
  3 adders (D:2)
  2 oozes (D:1)
  2 dart slugs (D:1)
  4 giant geckos (D:1)
  An orc (D:3)
  10 bats
  4 giant cockroaches
  6 goblins
  6 hobgoblins
  A giant newt (D:2)
  10 kobolds
  8 rats
57 creatures vanquished.

Notes
Turn   | Place    | Note
-------+----------+-------------------------------------------
     0 | D:1      | matakusis the Demonspawn Gladiator began the quest for the Orb.
     0 | D:1      | Reached XP level 1. HP: 16/16 MP: 1/1
   111 | D:1      | Gained mutation: Your flesh is heat resistant. (rF+) [demonic ancestry]
   111 | D:1      | Reached XP level 2. HP: 20/22 MP: 2/2
   397 | D:1      | Gained mutation: You have a pair of small antennae on your head. [demonic ancestry]
   397 | D:1      | Reached XP level 3. HP: 27/27 MP: 3/3
  1119 | D:2      | Found a faded altar of an unknown god.
  1334 | D:2      | Gained mutation: You have a pair of antennae on your head. [demonic ancestry]
  1334 | D:2      | Reached XP level 4. HP: 33/34 MP: 4/4
  1498 | D:2      | Found a shadowy altar of Dithmenos.
  2220 | D:3      | Reached skill level 1 in Armour
  2242 | D:3      | Noticed Sigmund
  2261 | D:3      | HP: 1/34 [something (14)]
  2261 | D:3      | Killed from afar by a dart slug

Vault maps used:
D:1:      erik_arrival_gehennom
D:2:      first_bread, ecumenical_altar_1, nicolae_dithmenos_shadow_blocks
D:3:      uniq_robin, uniq_sigmund

Skill      XL: |  1  2  3  4 |
---------------+-------------+-----
Dodging        | 3 |  3.6
Long Blades    | 3 |  3.3
Armour         | 1 |  1.0
Fighting       | |  2.8
Throwing       | |  1.7

Action                   |  1- 3 |  4- 6 || total
-------------------------+-------+-------++-------
Melee: Long sword        |   134 |    66 ||   200
Throw: Throwing net      |       |     1 ||     1
  Use: Scroll            |     2 |     4 ||     6
 Stab: Sleeping          |       |     2 ||     2
  Eat: Chunk             |     2 |     2 ||     4
Armor: Leather armour    |    21 |     9 ||    30
Dodge: Dodged            |    81 |    32 ||   113
